AoeStats
← Jeanfrancis

Hill Fort

505288205Analyzed
4v4 RM · 24d ago on Sep 8, 2026· 56m 42s· 8 players
Game mode
Random Map
Map size
Large (8 player)
Population
200
Speed
Normal
Resources
Standard
Victory
Conquest
Starting age
Dark Age
Ending age
Imperial Age
RankedLock teamsTeams togetherTeam positionsShared explorationLock speedFull tech treeHidden civsTurbo modeCheats
Victory
Defeat
🇧🇩 Huns · Bangladesh
1137
+13
🇹🇼 Magyars · Taiwan
1116
+14
🇧🇷 Khmer · Brazil
1042
+17
1033
+18
🇫🇷 Magyars · France
1146
-18
🇪🇸 Cumans · Spain
1083
-16
🇧🇪 Goths · Belgium
1065
-15
🇫🇷 Byzantines · France
1009
-13
John Kalztan
8:33 Loom
10:44 Feudal Age
11:48 Double-Bit Axe
11:48 Horse Collar
13:23 Wheelbarrow
15:55 Town Watch
20:42 Castle Age
22:05 Bow Saw
23:07 Hand Cart
23:15 Gold Mining
23:19 Stone Mining
23:52 Heavy Plow
24:45 Fletching
25:38 Town Patrol
27:22 Steppe Husbandry
27:20 Bodkin Arrow
27:26 Padded Archer Armor
29:17 Thumb Ring
30:41 Bloodlines
35:00 Imperial Age
34:21 Gold Shaft Mining
35:31 Ballistics
35:17 Elite Kipchak
36:20 Conscription
37:08 Chemistry
38:50 Parthian Tactics
41:23 Leather Archer Armor
43:42 Ring Archer Armor
44:57 Elite Steppe Lancer
47:16 Scale Barding Armor
47:22 Forging
48:19 Chain Barding Armor
49:55 Iron Casting
50:34 Plate Barding Armor
Merguez celeste
0:48 Loom
13:45 Feudal Age
14:11 Double-Bit Axe
14:09 Horse Collar
22:43 Castle Age
22:10 Wheelbarrow
22:49 Stone Mining
22:50 Gold Mining
24:17 Scale Mail Armor
24:27 Forging
24:08 Fletching
24:18 Padded Archer Armor
25:42 Gold Shaft Mining
25:25 Treadmill Crane
26:06 Ballistics
25:42 Murder Holes
26:35 Hand Cart
29:13 Pikeman
36:00 Imperial Age
37:05 Bow Saw
37:50 Chain Mail Armor
38:11 Iron Casting
37:31 Bodkin Arrow
37:52 Leather Archer Armor
37:16 Halberdier
39:31 Plate Mail Armor
39:46 Bodkin Arrow
40:07 Leather Archer Armor
40:45 Squires
41:10 Conscription
44:20 Hoardings
44:05 Bracer
44:35 Ring Archer Armor
45:17 Chemistry
44:28 Fortified Wall
46:09 Two-Man Saw
45:13 Heavy Plow
47:14 Heavy Camel Rider
47:55 Husbandry
47:17 Cavalier
47:18 Light Cavalry
48:07 Scale Barding Armor
48:19 Paladin
49:33 Crop Rotation
49:27 Crossbowman
49:27 Elite Skirmisher
50:34 Chain Barding Armor
53:32 Plate Barding Armor
Jeanfrancis
8:21 Loom
11:29 Feudal Age
16:38 Castle Age
16:31 Double-Bit Axe
20:30 Wheelbarrow
21:12 Squires
21:26 Horse Collar
21:57 Scale Mail Armor
22:15 Forging
23:29 Heavy Plow
23:53 Stone Mining
26:26 Bow Saw
27:55 Iron Casting
30:02 Chain Mail Armor
31:28 Hand Cart
30:58 Town Watch
35:22 Anarchy
38:48 Imperial Age
36:35 Pikeman
39:59 Conscription
39:52 Elite Huskarl
42:38 Blast Furnace
42:57 Halberdier
43:56 Gold Mining
44:45 Stone Shaft Mining
Dark Percival 15
4:51 Loom
10:41 Feudal Age
11:25 Double-Bit Axe
15:07 Bloodlines
17:08 Horse Collar
17:52 Scale Barding Armor
19:37 Wheelbarrow
18:48 Town Watch
23:12 Castle Age
26:16 Husbandry
28:00 Gold Mining
28:33 Chain Barding Armor
28:37 Hand Cart
29:21 Town Patrol
37:44 Imperial Age
35:20 Heavy Plow
35:33 Bow Saw
38:33 Gold Shaft Mining
37:49 Stone Mining
37:55 Cavalier
40:00 Two-Man Saw
40:19 Paladin
40:38 Light Cavalry
42:56 Conscription
48:59 Hussar
Позитивный Свин
9:46 Feudal Age
10:17 Loom
17:08 Castle Age
15:21 Double-Bit Axe
18:25 Bow Saw
18:34 Fletching
23:47 Horse Collar
27:19 Wheelbarrow
27:02 Forging
26:50 Bodkin Arrow
28:16 Stone Mining
29:40 Man-at-Arms
31:45 Scale Barding Armor
31:43 Scale Mail Armor
31:25 Long Swordsman
33:21 Pikeman
36:59 Padded Archer Armor
42:12 Imperial Age
40:44 Hand Cart
40:15 Town Watch
41:12 Leather Archer Armor
41:03 Scale Barding Armor
41:26 Squires
41:11 Gambesons
41:40 Caravan
42:18 Elite Elephant Archer
43:03 Bracer
44:50 Ring Archer Armor
45:26 Two-Man Saw
44:17 Two-Handed Swordsman
46:00 Chain Mail Armor
45:55 Forging
46:35 Conscription
48:12 Iron Casting
50:01 Blast Furnace
50:15 Champion
51:42 Arson
taiwan180
11:13 Feudal Age
11:48 Loom
14:37 Castle Age
13:17 Double-Bit Axe
13:59 Horse Collar
15:52 Bow Saw
18:33 Gold Mining
18:34 Stone Mining
18:47 Heavy Plow
20:23 Wheelbarrow
19:38 Town Watch
25:29 Hand Cart
25:57 Gold Shaft Mining
25:58 Stone Shaft Mining
31:58 Imperial Age
31:28 Light Cavalry
32:09 Husbandry
32:20 Bloodlines
32:01 Heavy Scorpion
32:43 Double Crossbow
33:46 Chemistry
33:44 Conscription
34:17 Hussar
35:57 Scale Barding Armor
36:03 Forging
37:11 Chain Barding Armor
37:35 Siege Engineers
40:45 Plate Barding Armor
43:22 Iron Casting
47:01 Blast Furnace
55:37 Fletching
55:47 Padded Archer Armor
55:48 Scale Mail Armor
55:51 Devotion
CumansCumin
8:38 Loom
10:24 Feudal Age
14:23 Castle Age
13:18 Double-Bit Axe
15:27 Bow Saw
15:16 Horse Collar
17:39 Heavy Plow
24:57 Wheelbarrow
26:30 Gold Mining
27:01 Bloodlines
27:31 Husbandry
29:34 Hand Cart
32:47 Imperial Age
30:45 Scale Barding Armor
30:44 Marauders
31:20 Forging
31:51 Chain Barding Armor
31:27 Stone Mining
32:14 Gold Shaft Mining
33:06 Iron Casting
34:06 Conscription
33:07 Elite Tarkan
34:48 Two-Man Saw
35:30 Plate Barding Armor
35:00 Fletching
35:39 Town Watch
37:16 Caravan
37:46 Coinage
37:48 Guilds
38:40 Blast Furnace
38:20 Light Cavalry
42:17 Banking
43:21 Hussar
43:22 Cavalier
43:59 Bodkin Arrow
45:21 Bracer
45:44 Ballistics
45:21 Murder Holes
46:27 Chemistry
45:37 Masonry
45:53 Atheism
45:04 Sappers
49:47 Paladin
椰子
11:11 Feudal Age
13:40 Loom
17:07 Castle Age
17:57 Pikeman
31:01 Scale Barding Armor
32:32 Horse Collar
32:39 Double-Bit Axe
36:23 Bow Saw
36:18 Heavy Plow
41:11 Imperial Age
38:45 Husbandry
38:55 Bloodlines
39:11 Thumb Ring
39:28 Ballistics
39:03 Fletching
39:41 Bodkin Arrow
41:52 Bracer
42:17 Conscription
41:58 Recurve Bow
43:06 Chemistry
42:17 Masonry
42:36 Parthian Tactics
43:50 Wheelbarrow
42:41 Elite Magyar Huszar
43:51 Bloodlines
45:14 Hand Cart
44:46 Town Watch
45:20 Heavy Cavalry Archer
47:11 Capped Ram
49:38 Corvinian Army
50:13 Crop Rotation
50:49 Two-Man Saw
50:04 Siege Engineers
51:53 Chain Barding Armor
51:35 Padded Archer Armor
53:20 Plate Barding Armor
Connection lost

Rejoining the realm…

Still unreachable

The connection could not be restored.

Session expired

The server has moved on; the page needs a fresh start.